Map: Terraplenes de priones

Players

Ignaciocapo

  • Race: Protoss Protoss
  • League: Bronze

xXkazperXx - Winner!

  • Race: Zerg Zerg
  • League: Bronze

VOD

Have the link to the VOD?

Description

Time

  • Played on: April 9, 2016, 7:04 p.m.
  • Length: 26:21
Show
View Real Time Build Order
Export as new Build Order

Ignaciocapo Protoss 

Build Orders:  

Get SALT Encoding   

  12  0:07  Probe (Chrono Boost)  
  13  0:18  Probe (Chrono Boost)  
  15  0:28  Pylon, Probe (Chrono Boost)  
  15  0:32  Assimilator  
  15  0:47  Probe (Chrono Boost)  
  15  0:49  Pylon  
  16  0:57  Forge  
  16  1:02  Probe (Chrono Boost)  
  17  1:16  Gateway  
  17  1:22  Gateway  
  17  1:27  Assimilator  
  17  1:37  Probe (Chrono Boost)  
  18  1:48  Probe (Chrono Boost)  
  18  1:53  Photon Cannon  
  19  2:03  Photon Cannon  
  19  2:09  Pylon  
  19  2:16  Photon Cannon  
  19  2:18  Zealot  
  21  2:29  Photon Cannon  
  21  2:30  Zealot  
  23  2:41  Protoss Ground Weapons Level 1  
  23  2:46  Probe (Chrono Boost)  
  24  2:53  Zealot  
  24  2:57  Zealot  
  28  3:09  Probe (Chrono Boost)  
  29  3:19  Probe (Chrono Boost), Photon Cannon  
  30  3:29  Photon Cannon  
  30  3:35  Zealot  
  30  3:40  Zealot  
  34  4:00  Probe (Chrono Boost)  
  35  4:20  Photon Cannon  
  35  4:26  Pylon  
  35  4:34  Photon Cannon  
  35  4:35  Protoss Ground Armor Level 1  
  35  4:39  Pylon  
  35  4:47  Nexus  
  35  5:02  Photon Cannon  
  35  5:14  Photon Cannon  
  35  5:21  Photon Cannon  
  35  5:28  Photon Cannon  
  35  5:47  Cybernetics Core  
  35  5:51  Pylon  
  29  6:15  Photon Cannon  
  29  6:19  Photon Cannon  
  29  6:31  Zealot  
  25  6:34  Zealot  
  26  6:48  Stargate  
  26  6:53  Robotics Facility  
  26  6:58  Zealot  
  28  7:01  Zealot  
  30  7:23  Photon Cannon  
  30  7:25  Zealot, Photon Cannon  
  30  7:29  Zealot  
  34  7:40  Pylon  
  34  8:02  Photon Cannon  
  34  8:07  Photon Cannon  
  34  8:12  Void Ray  
  38  8:23  Pylon  
  38  8:35  Photon Cannon  
  38  8:55  Void Ray  
  42  9:04  Protoss Air Weapons Level 1  
  40  9:35  Zealot  
  40  9:38  Void Ray  
  46  9:44  Zealot  
  48  10:02  Zealot  
  50  10:11  Zealot  
  52  10:29  Zealot  
  54  10:38  Zealot  
  56  10:56  Zealot  
  50  11:05  Zealot  
  48  11:46  Nexus  
  41  11:58  Zealot  
  43  12:19  Observer  
  41  12:25  Zealot  
  41  12:52  Zealot  
  43  13:19  Zealot  
  45  13:25  Void Ray  
  49  13:46  Zealot  
  51  14:00  Stalker  
  53  14:13  Zealot  
  55  14:23  Void Ray  
  59  14:35  Probe (Chrono Boost)  
  60  14:40  Zealot  
  60  14:43  Stalker  
  64  14:46  Probe (Chrono Boost)  
  65  14:54  Protoss Air Armor Level 1  
  65  14:56  Probe (Chrono Boost)  
  66  15:02  Protoss Shields Level 1  
  66  15:07  Stalker  
  66  15:13  Stalker  
  70  15:26  Void Ray  
  74  15:37  Stalker  
  76  15:43  Stalker  
  76  15:46  Pylon  
  78  15:51  Pylon  
  78  15:59  Twilight Council  
  78  16:05  Immortal  
  82  16:14  Fleet Beacon  
  82  16:32  Fleet Beacon  
  82  16:38  Void Ray  
  86  16:52  Templar Archives  
  86  17:11  Probe (Chrono Boost)  
  87  17:37  Charge  
  87  17:45  Zealot  
  89  18:02  Assimilator  
  89  18:05  Assimilator  
  89  18:12  Zealot  
  91  18:19  High Templar  
  89  18:39  Zealot, Probe (Chrono Boost)  
  92  18:50  Probe (Chrono Boost)  
  93  19:00  Probe (Chrono Boost)  
  94  19:07  Psionic Storm  
  94  19:22  Pylon  
  94  19:26  Pylon  
  94  19:29  Photon Cannon  
  94  19:34  Photon Cannon  
  94  19:40  Zealot  
  94  19:41  Pylon  
  96  19:46  High Templar  
  96  19:49  Warp Prism  
  102  20:07  Zealot  
  102  20:37  High Templar, Zealot  
  86  21:04  Zealot  
  84  21:53  Pylon  
  84  21:55  Photon Cannon  
  84  22:11  Zealot  
Show
View Real Time Build Order
Export as new Build Order

xXkazperXx Zerg - Winner!

Build Orders: Pool First, Roach Nydus 

Get SALT Encoding   

  12  0:02  Drone  
  13  0:11  Drone  
  14  0:17  Overlord  
  14  0:35  Spawning Pool  
  13  0:37  Drone  
  14  0:53  Drone x3  
  17  1:07  Drone  
  18  1:14  Extractor  
  18  1:17  Drone  
  18  1:21  Queen  
  20  1:28  Zergling x2  
  21  1:45  Drone  
  22  1:50  Overlord  
  22  2:10  Zergling x2  
  23  2:15  Roach Warren  
  23  2:18  Zergling x2  
  23  2:23  Drone  
  24  2:37  Drone x4  
  28  2:46  Drone  
  29  2:57  Overlord  
  29  3:02  Extractor  
  28  3:08  Roach  
  30  3:32  Roach x2  
  34  3:39  Lair  
  34  3:59  Roach x2, Overlord  
  34  4:01  Overlord  
  38  4:26  Roach x3  
  38  4:27  Roach x2  
  48  4:51  Roach x2  
  52  5:02  Nydus Network  
  52  5:04  Drone x3  
  54  5:14  Hatchery  
  53  5:23  Overseer  
  40  6:51  Roach x3  
  40  6:52  Roach x2  
  40  6:53  Roach  
  52  7:05  Spire  
  51  7:17  Pneumatized Carapace  
  51  7:19  Burrow  
  47  8:10  Nydus Canal  
  47  8:18  Mutalisk x3  
  47  8:19  Mutalisk x2  
  53  8:23  Overlord  
  57  8:30  Extractor, Queen  
  57  8:33  Queen  
  60  8:35  Extractor  
  55  9:32  Roach x3  
  55  9:34  Roach  
  55  9:35  Roach x2  
  67  9:54  Queen  
  67  9:55  Hatchery  
  67  9:59  Overlord x2  
  68  10:06  Roach x15  
  68  10:37  Roach x15  
  68  10:45  Tunneling Claws  
  68  10:50  Infestation Pit  
  57  11:20  Roach x15  
  57  11:21  Mutalisk  
  57  11:22  Mutalisk x4  
  57  11:23  Mutalisk x2  
  57  11:24  Mutalisk  
  73  11:27  Roach x12  
  73  11:32  Drone x3  
  66  11:57  Metabolic Boost  
  66  12:00  Zerg Flyer Armor Level 1  
  66  12:02  Roach x10  
  66  12:03  Drone  
  66  12:04  Evolution Chamber, Drone x5  
  66  12:06  Drone  
  66  12:07  Drone x6  
  70  12:38  Mutalisk x3  
  70  12:39  Corruptor  
  70  12:42  Overlord  
  70  12:43  Overlord x2  
  78  13:03  Hydralisk Den  
  77  13:06  Zerg Missile Weapons Level 1  
  73  13:39  Mutalisk x3  
  79  13:44  Mutalisk  
  81  13:50  Hydralisk x2  
  81  13:51  Hydralisk  
  87  14:01  Extractor  
  86  14:12  Extractor  
  85  14:45  Roach x5  
  85  14:56  Lurker Den  
  83  15:10  Hive  
  83  15:13  Zerg Missile Weapons Level 2  
  83  15:17  Corruptor x4  
  91  15:24  Corruptor  
  91  15:26  Hydralisk  
  95  16:01  Hatchery  
  94  16:27  Lurker x4  
  94  16:28  Extractor  
  94  16:29  Extractor  
  96  16:34  Drone x5  
  96  16:35  Drone  
  96  16:38  Drone x3  
  105  16:42  Drone  
  105  16:43  Overlord x2  
  106  17:13  Greater Spire  
  106  17:17  Corruptor  
  106  17:18  Corruptor x2  
  112  17:32  Zerg Missile Weapons Level 3  
  112  17:35  Hydralisk x3  
  118  17:37  Hydralisk x3  
  118  17:42  Queen  
  118  17:43  Mutalisk  
  128  17:45  Overlord x2, Hatchery  
  127  18:37  Brood Lord x7  
  141  19:10  Zergling x6  
  144  19:19  Mutalisk x2  
  144  19:20  Mutalisk  
  150  19:29  Ultralisk Cavern  
  150  19:30  Drone  
  150  19:33  Overlord x2  
  150  20:24  Roach x5  
  67  21:30  Mutalisk  
  67  21:31  Mutalisk x5  
  79  21:33  Mutalisk x5  
  79  21:36  Mutalisk x3  
  79  21:39  Mutalisk x5  
  97  21:40  Mutalisk  
  107  21:50  Hatchery  
  106  22:35  Hatchery  
  105  22:42  Extractor  
  92  23:25  Zergling x4  
  92  23:26  Zergling x8  
  98  23:30  Roach x8  
  98  23:31  Roach  
  120  23:34  Roach x6  
  124  24:44  Extractor  
  124  24:45  Drone x2  
  124  24:46  Drone  
  124  25:17  Ravager x5  
  124  25:18  Ravager x8  
  124  25:19  Ravager x2  
Tags
 
Add a new tag
Caveats
  • Supply blocks, unpowered buildings, or Contaminate may cause inaccurate times.
  • Supply counts are checked every 10 seconds.